[Event "fics rated crazyhouse match"]
[Site "fics, Oklahoma City, OK USA"]
[Date "2000.03.08"]
[White "Eyefor"]
[WhiteElo "2414"]
[Black "LordPixel"]
[BlackElo "2418"]
[TimeControl "0+1"]
[Result "1-0"]

1. e4 Nf6 2. Nc3 e6 3. e5 Nd5 4. d4 Bb4 5. Bd2 Nxc3 6. bxc3 
N@b2 7. Qb1 Bxc3 8. Bxc3 Na4 9. Ne2 P@e4 10. B@h5 Qe7 11. Qb4 Qxb4 
12. Bxf7+ Kxf7 13. N@g5+ Ke8 14. Bxb4 Nc6 15. Q@f7+ Kd8 16. P@e7+ Nxe7 17. Bxe7# 
{LordPixel checkmated} 1-0

[Event "fics rated crazyhouse match"]
[Site "fics, Oklahoma City, OK USA"]
[Date "2000.03.08"]
[White "Eyefor"]
[WhiteElo "2414"]
[Black "LordPixel"]
[BlackElo "2418"]
[TimeControl "0+1"]
[Result "0-1"]

1. e4 Nf6 2. Nc3 d5 3. exd5 Nxd5 4. Nf3 e6 5. d4 Nxc3 6. bxc3 
N@e4 7. P@b2 Nxf2 8. Kxf2 P@e4 9. Bb5+ P@c6 10. Bg5 f6 11. Ne5 fxg5 
12. Bxc6+ Nxc6 13. Qh5+ B@g6 14. P@f7+ Ke7 15. Qxg5+ B@f6 16. Qxf6+ gxf6 17. B@c5+ 
Q@d6 18. Bxd6+ cxd6 19. N@g8+ Rxg8 20. Nxc6+ bxc6 21. fxg8=Q e3+ 22. Ke2 N@f4+ 
23. Kxe3 B@f7 24. Qh8 N@c4+ 25. Kf2 Bxc2 26. R@h4 Nd3+ 27. Ke2 Ndxb2 28. N@b4 
P@d3+ 29. Kf2 P@b7 30. Nxc6+ bxc6 31. P@g7 Bxg7 32. Qxg7 P@e3+ 33. Kf1 Nd2+ 
34. Ke1 N@f3+ 35. gxf3 Nxf3+ 36. Kf1 P@e2+ 37. Kg2 Nxh4+ 38. Kh3 R@h5 39. N@f4 
e5+ 40. P@g4 exf4 41. Q@e4+ N@e5 42. N@b7 Nf5+ 43. Kg2 f3+ 44. Kg1 f2+ 
45. Kg2 Nxg7 46. Nxd8 Kxd8 47. dxe5 P@h3+ 48. Kg3 N@f5+ 49. gxf5 Nxf5+ 50. Qxf5 
P@h4+ 51. Kxh3 Bxf5+ 52. P@g4 Q@f3+ 53. P@g3 Bxg4# 
{Eyefor checkmated} 0-1

[Event "fics rated crazyhouse match"]
[Site "fics, Oklahoma City, OK USA"]
[Date "2000.03.08"]
[White "LordPixel"]
[WhiteElo "2426"]
[Black "Eyefor"]
[BlackElo "2406"]
[TimeControl "0+1"]
[Result "0-1"]

1. e4 Nf6 2. Nc3 d5 3. exd5 Nxd5 4. d4 e6 5. Nxd5 exd5 6. Nf3 
Nc6 7. Be2 P@h3 8. N@f4 hxg2 9. Nxg2 P@h3 10. Nf4 N@g2+ 11. Nxg2 hxg2 
12. Rg1 N@h4 13. N@c3 Nxf3+ 14. Bxf3 N@b4 15. N@e3 Nxd4 16. Qxd4 Qe7 17. P@e5 
P@c5 18. Qf4 d4 19. N@d5 dxe3 20. Nxe7 exf2+ 21. Kxf2 N@h3+ 22. Kxg2 Nxf4+ 
23. Bxf4 Q@h3+ 24. Kf2 Bxe7 25. N@d5 N@d3+ 26. cxd3 Nxd3+ 27. Ke2 Nxf4+ 28. Nxf4 
Qxh2+ 29. N@g2 B@c4+ 30. P@d3 P@g4 31. P@d7+ Bxd7 32. Bxb7 P@f3+ 33. Bxf3 gxf3+ 
34. Kxf3 B@d4 35. Rh1 P@g4+ 36. Ke2 P@f3+ 37. Kd2 Bxc3+ 38. bxc3 Qg3 39. N@e4 
fxg2 40. Nxg3 gxh1=Q 41. Nxh1 N@f3+ 42. Kc1 R@e1+ 43. B@d1 Bg5 44. P@e3 Bxf4 
45. exf4 N@e2+ 46. Kb2 Bxd3 47. B@b3 Rxd1 48. Rxd1 Nxf4 49. Q@b7 Nxe5 50. Qxa8+ 
N@c8 51. P@b7 P@a3+ 52. Kxa3 P@b4+ 53. cxb4 cxb4+ 54. Kxb4 B@d6+ 55. Kc3 Ne2+ 
56. Kd2 P@c3+ 57. Ke1 Nf3+ 58. Kf2 P@g3+ 59. Ke3 O-O 60. Kxd3 Ned4 61. Kxc3 
Nb6 62. Qxf8+ Bxf8 63. R@h8+ Kxh8 64. R@g8+ Kxg8 65. R@h8+ Kxh8 66. b8=Q R@c1+ 
67. B@c2 R@e3+ 68. Rd3 Rxc2+ 69. Bxc2 Q@b4# 
{LordPixel checkmated} 0-1

[Event "fics rated crazyhouse match"]
[Site "fics, Oklahoma City, OK USA"]
[Date "2000.03.08"]
[White "Eyefor"]
[WhiteElo "2414"]
[Black "LordPixel"]
[BlackElo "2418"]
[TimeControl "0+1"]
[Result "1-0"]

1. e4 e6 2. d4 Nf6 3. e5 Nd5 4. Nf3 Nc6 5. Be2 d6 6. exd6 
cxd6 7. O-O Be7 8. c4 Nf6 9. Nc3 P@c7 10. P@b5 Nb8 11. Ng5 Rf8 
12. Bf4 h6 13. Nf3 Nbd7 14. h3 d5 15. Ne5 Bb4 16. Nxd7 Bxd7 17. N@c5 
Bxc5 18. dxc5 N@e4 19. B@e5 Nxc3 20. bxc3 N@b2 21. Qd2 Nxc4 22. Bxc4 dxc4 
23. Bxc7 P@h2+ 24. Bxh2 Qxc7 25. Bxc7 N@e4 26. Qb2 B@a4 27. P@e5 Baxb5 28. exf6 
P@h2+ 29. Bxh2 gxf6 30. N@g7+ Ke7 31. P@d6+ Nxd6 32. Bxd6+ Kd8 33. Q@c7# 
{LordPixel checkmated} 1-0

[Event "fics rated crazyhouse match"]
[Site "fics, Oklahoma City, OK USA"]
[Date "2000.03.08"]
[White "LordPixel"]
[WhiteElo "2411"]
[Black "Eyefor"]
[BlackElo "2421"]
[TimeControl "0+1"]
[Result "1-0"]

1. e4 e6 2. d4 d6 3. Nc3 Nf6 4. Nf3 Be7 5. Bd3 Nc6 6. Be3 
Ng4 7. Qe2 Nb4 8. h3 Nxe3 9. Qxe3 B@h6 10. Qe2 Nxd3+ 11. Qxd3 B@c1 
12. N@h5 Bcf4 13. Qb5+ Qd7 14. N@d3 Qxb5 15. Nxb5 Q@a5+ 16. Q@b4 Qxb4+ 17. Nxb4 
Q@c4 18. Q@a4 Bd7 19. Nxg7+ Bxg7 20. P@c6 Bxc6 21. Nxc7+ Kd7 22. P@b5 Bxe4 
23. Nxa8 Rxa8 24. b6+ P@b5 25. R@c7+ Ke8 26. Rxc4 P@d2+ 27. Nxd2 Bxd2+ 28. Kxd2 
Bg5+ 29. Ke1 bxa4 30. P@d7+ Ke7 31. Q@c7 Q@d2+ 32. Kf1 N@e3+ 33. Kg1 N@e2+ 
34. Kh2 Bf4+ 35. B@g3 Nxg3 36. d8=Q# 
{Eyefor checkmated} 1-0

[Event "fics rated crazyhouse match"]
[Site "fics, Oklahoma City, OK USA"]
[Date "2000.03.08"]
[White "Eyefor"]
[WhiteElo "2413"]
[Black "LordPixel"]
[BlackElo "2419"]
[TimeControl "0+1"]
[Result "1-0"]

1. e4 e6 2. d4 d6 3. Nf3 Nf6 4. Nc3 Nc6 5. d5 exd5 6. exd5 
Nb4 7. Be2 Qe7 8. O-O Bg4 9. Be3 Bxf3 10. Bxf3 N@f5 11. B@g5 Nxe3 
12. Bxe3 B@e5 13. P@e4 Bxh2+ 14. Kxh2 P@g4 15. N@f5 Qe5+ 16. B@f4 gxf3 17. Bxe5 
dxe5 18. Q@b5+ B@d7 19. Qxb7 Bxf5 20. Qxa8+ B@c8 21. exf5 N@d6 22. P@b7 Ng4+ 
23. Kh3 Kd8 24. gxf3 Nxf2+ 25. Rxf2 Nxb7 26. R@e8+ Kxe8 27. Qxc8+ R@d8 28. P@d7+ 
Ke7 29. d6+ Kf6 30. Qxb7 Bxd6 31. N@c6 Nxc6 32. N@d5+ Kxf5 33. B@e4+ Ke6 
34. B@f5# 
{LordPixel checkmated} 1-0

[Event "fics rated crazyhouse match"]
[Site "fics, Oklahoma City, OK USA"]
[Date "2000.03.08"]
[White "LordPixel"]
[WhiteElo "2411"]
[Black "Eyefor"]
[BlackElo "2421"]
[TimeControl "0+1"]
[Result "0-1"]

1. e4 Nf6 2. e5 Nd5 3. d4 Nc6 4. Bc4 e6 5. Bxd5 exd5 6. N@g5 
B@a5+ 7. Kf1 Be7 8. Nxf7 Kxf7 9. Qf3+ Kg8 10. P@f7+ Kf8 11. Qxd5 N@b6 
12. Qe4 Kxf7 13. Qf4+ Ke8 14. P@f7+ Kf8 15. Ne2 Nc4 16. Nbc3 Nb4 17. d5 
Nxc2 18. Qxc4 Nxa1 19. e6 R@b4 20. Qd3 dxe6 21. N@e5 P@f6 22. dxe6 Bxe6 
23. Qxd8+ Rxd8 24. P@d6 Bxd6 25. Q@e3 fxe5 26. Qxa7 N@c6 27. Qe3 Bxf7 28. P@h6 
Rg4 29. hxg7+ Rxg7 30. P@f6 Rxg2 31. Kxg2 P@d4 32. Qh6+ Ke8 33. R@g7 dxc3 
34. Rxf7 Q@d5+ 35. Kg1 N@f3+ 36. Kg2 Nfd4+ 37. Kh3 Qf3+ 38. Ng3 P@g4+ 39. Kh4 
Qxf2 40. Kxg4 P@f5+ 41. Kg5 cxb2 42. P@d7+ Rxd7 43. Rxd7 bxc1=Q+ 44. B@d2 Bxd2+ 
45. Kh4 Nf3+ 46. Kh5 B@g4# 
{LordPixel checkmated} 0-1

[Event "fics rated crazyhouse match"]
[Site "fics, Oklahoma City, OK USA"]
[Date "2000.03.08"]
[White "Eyefor"]
[WhiteElo "2429"]
[Black "LordPixel"]
[BlackElo "2403"]
[TimeControl "0+1"]
[Result "0-1"]

1. e4 e6 2. d4 Nf6 3. e5 Nd5 4. Nf3 Nc6 5. Be2 d6 6. exd6 
Bxd6 7. O-O Qe7 8. c4 Nf4 9. c5 Nxe2+ 10. Qxe2 Bxh2+ 11. Nxh2 Nxd4 
12. Qe5 B@f6 13. Qh5 P@g6 14. Qd1 P@e2 15. Qa4+ Bd7 16. Qa5 exf1=Q+ 17. Nxf1 
Ne2+ 18. Kh2 Be5+ 19. P@f4 R@h4+ 20. N@h3 Rxh3+ 21. gxh3 Nxf4 22. Bxf4 Bxf4+ 
23. Kh1 P@g2+ 24. Kxg2 B@e4+ 25. f3 N@h4+ 26. Kg1 Nxf3+ 27. Kh1 Bxb1 28. R@f2 
Be4 29. P@d6 Bxd6 30. cxd6 Qxd6 31. N@c5 P@f5 32. B@a3 Qf4 33. Nxd7 Ng5+ 
34. P@g2 Qxf2 35. Nf6+ gxf6 36. B@a4+ P@c6 37. Bxc6+ Bxc6 38. P@d7+ Kxd7 39. Qd2+ 
Qxd2 40. Nxd2 N@g3+ 41. Kh2 Q@f2 42. Q@e7+ Kc8 43. B@d7+ Bxd7 44. Qxf6 N@f3+ 
45. Nxf3 Nxf3# 
{Eyefor checkmated} 0-1

[Event "fics rated crazyhouse match"]
[Site "fics, Oklahoma City, OK USA"]
[Date "2000.03.08"]
[White "Eyefor"]
[WhiteElo "2428"]
[Black "LordPixel"]
[BlackElo "2404"]
[TimeControl "0+1"]
[Result "0-1"]

1. e4 Nf6 2. Nc3 d5 3. exd5 Nxd5 4. d4 e6 5. Nxd5 exd5 6. Nf3 
Nc6 7. Be2 P@h3 8. N@f4 hxg2 9. Nxg2 Bb4+ 10. Bd2 N@e4 11. Bxb4 Nxb4 
12. B@a4+ P@c6 13. P@e5 Bf5 14. P@d3 Nxf2 15. Kxf2 P@g4 16. Nfh4 Bxd3 17. Bxd3 
Nxd3+ 18. Qxd3 B@c4 19. Qf5 B@e6 20. Bxc6+ bxc6 21. P@e7 Qxe7 22. Qh5 P@g6 
23. Nxg6 fxg6 24. Qh4 P@e3+ 25. Kxe3 N@f5+ 26. Kd2 Nxh4 27. Nxh4 B@e3+ 28. Kxe3 
Q@e2+ 29. Kf4 Qf2+ 30. P@f3 g5# 
{Eyefor checkmated} 0-1

[Event "fics rated crazyhouse match"]
[Site "fics, Oklahoma City, OK USA"]
[Date "2000.03.08"]
[White "LordPixel"]
[WhiteElo "2413"]
[Black "Eyefor"]
[BlackElo "2419"]
[TimeControl "0+1"]
[Result "1-0"]

1. d4 e6 2. Nc3 d6 3. e4 Nf6 4. Nf3 Nc6 5. Bb5 Be7 6. Bxc6+ 
bxc6 7. N@g5 B@b4 8. Nxf7 Kxf7 9. Ng5+ Kf8 10. P@b7 Bxc3+ 11. bxc3 Bd7 
12. bxa8=Q Qxa8 13. R@f7+ Ke8 14. Rxg7 N@c4 15. B@f7+ Kd8 16. Bxe6 P@b2 17. Rxe7 
bxa1=Q 18. Rxd7+ Nxd7 19. Nf7+ Ke7 20. Bxc4 Qxc3+ 21. N@d2 Qxc4 22. B@g5+ Kxf7 
23. B@h5+ Kg8 24. P@b7 Qxb7 25. Nxc4 Qb4+ 26. Nd2 R@f8 27. P@f7+ Rxf7 28. Bxf7+ 
Kxf7 29. R@e7+ Kg8 30. P@f7+ Kf8 31. Rxd7 N@e6 32. Be7+ Kg7 33. N@f5+ Kg6 
34. Rxc7 Kxf7 35. Bxd6+ Nxc7 36. Bxb4 Rb8 37. Q@e7+ Kg8 38. Qg7# 
{Eyefor checkmated} 1-0

[Event "fics rated crazyhouse match"]
[Site "fics, Oklahoma City, OK USA"]
[Date "2000.03.08"]
[White "LordPixel"]
[WhiteElo "2413"]
[Black "Eyefor"]
[BlackElo "2419"]
[TimeControl "0+1"]
[Result "1-0"]

1. e4 e6 2. d4 Nc6 3. Be3 d5 4. e5 Bd7 5. Be2 Nge7 6. Nh3 
Nf5 7. O-O Nxe3 8. fxe3 B@f5 9. Nf4 Be7 10. Nc3 a6 11. Nh5 g6 
12. N@f6+ Bxf6 13. Nxf6+ Kf8 14. Rxf5 gxf5 15. Rb1 R@h1+ 16. Kxh1 N@f2+ 17. Kg1 
Qxf6 18. exf6 Nxd1 19. Q@g7+ Ke8 20. Qxh8+ Q@g8 21. Qxg8+ N@f8 22. Qxf8+ Kxf8 
23. Q@g7# 
{Eyefor forfeits on time} 1-0

[Event "fics rated crazyhouse match"]
[Site "fics, Oklahoma City, OK USA"]
[Date "2000.03.08"]
[White "Eyefor"]
[WhiteElo "2411"]
[Black "LordPixel"]
[BlackElo "2421"]
[TimeControl "0+1"]
[Result "1-0"]

1. e4 e6 2. d4 d5 3. exd5 exd5 4. Bb5+ Bd7 5. Qe2+ Qe7 6. Bxd7+ 
Nxd7 7. Bf4 Qxe2+ 8. Nxe2 Bb4+ 9. Nbc3 Ba5 10. B@h3 Bxc3+ 11. Nxc3 Q@e7+ 
12. P@e6 fxe6 13. Bxc7 N@b4 14. B@d3 Nxd3+ 15. cxd3 B@d6 16. N@b5 P@d2+ 17. Kd1 
Bb4 18. Kxd2 Bxc3+ 19. Nxc3 B@h6+ 20. P@f4 N@b4 21. P@a3 Nxd3 22. Kxd3 P@d6 
23. Kd2 Bxf4+ 24. Kd1 P@d2 25. N@d3 Bg5 26. B@f4 P@c2+ 27. Kxc2 Bxf4 28. Nxf4 
e5 29. Nfxd5 Qf7 30. Bxd7+ Qxd7 31. B@h5+ B@f7 32. dxe5 Bxh5 33. Kxd2 B@d4 
34. exd6 Bxc3+ 35. Nxc3 N@c4+ 36. Ke1 Qe6+ 37. N@e4 B@d2+ 38. Kf1 Bxc3 39. Q@b5+ 
Kf8 40. Nxc3 Be2+ 41. Kg1 N@b6 42. Re1 Nxd6 43. Qxe2 Qxe2 44. Bxd6+ P@e7 
45. Nxe2 exd6 46. N@e6+ Kf7 47. Ng5+ Kg6 48. Q@f7+ Kh6 49. Qxb7 B@d5 50. P@c6 
Q@d2 51. Nf7+ Bxf7 52. B@f4+ Qxf4 53. Nxf4 g5 54. Q@h5+ Bxh5 55. B@g7# 
{LordPixel checkmated} 1-0

[Event "fics rated crazyhouse match"]
[Site "fics, Oklahoma City, OK USA"]
[Date "2000.03.08"]
[White "Eyefor"]
[WhiteElo "2411"]
[Black "LordPixel"]
[BlackElo "2421"]
[TimeControl "0+1"]
[Result "1-0"]

1. d4 e6 2. Nc3 d6 3. e4 Nf6 4. Bb5+ Bd7 5. Bg5 e5 6. Bxf6 
Qxf6 7. N@d5 Qd8 8. dxe5 dxe5 9. P@e6 fxe6 10. Qh5+ P@f7 11. Qxe5 P@d6 
12. P@e7 dxe5 13. exd8=Q+ Kxd8 14. Q@g5+ P@e7 15. Nxc7 f6 16. Nxa8 fxg5 17. P@c7+ 
Ke8 18. cxb8=Q+ B@d8 19. Bxd7+ Kxd7 20. N@c5+ Ke8 21. B@d7+ Kf7 22. Bxe6+ Kg6 
23. Qxd8 Q@b4 24. B@f7+ Kh6 25. R@h5# 
{LordPixel checkmated} 1-0

[Event "fics rated crazyhouse match"]
[Site "fics, Oklahoma City, OK USA"]
[Date "2000.03.08"]
[White "LordPixel"]
[WhiteElo "2413"]
[Black "Eyefor"]
[BlackElo "2419"]
[TimeControl "0+1"]
[Result "1-0"]

1. e4 e6 2. d4 d5 3. exd5 exd5 4. Bb5+ Nc6 5. Qe2+ Qe7 6. Bf4 
Qxe2+ 7. Nxe2 Bb4+ 8. Nbc3 Ba5 9. P@a6 Bxc3+ 10. Nxc3 N@b4 11. Bxc6+ bxc6 
12. Q@a4 Q@e7+ 13. N@e5 P@f3 14. gxf3 Nxc2+ 15. Qxc2 P@g2 16. Rg1 B@f1 17. Qa4 
Qxe5+ 18. Bxe5 N@d3+ 19. Kd2 Nxe5 20. dxe5 B@b5 21. Qa3 Ne7 22. Qxe7+ Kxe7 
23. Nxb5 Q@e2+ 24. Kc1 Qe1+ 25. B@d1 Qxe5 26. P@b7 P@d2+ 27. Kxd2 Qxb2+ 28. Q@c2 
Qxc2+ 29. Bxc2 Bxb7 30. N@f5+ Kf8 31. N@d7+ Kg8 32. Ne7# 
{Eyefor checkmated} 1-0

[Event "fics rated crazyhouse match"]
[Site "fics, Oklahoma City, OK USA"]
[Date "2000.03.08"]
[White "Eyefor"]
[WhiteElo "2411"]
[Black "LordPixel"]
[BlackElo "2421"]
[TimeControl "0+1"]
[Result "1-0"]

1. e4 e6 2. d4 Nc6 3. d5 exd5 4. exd5 Qe7+ 5. Qe2 Nb4 6. P@e4 
P@f5 7. a3 Nf6 8. axb4 fxe4 9. Nc3 P@d4 10. N@b5 dxc3 11. Nxc7+ Kd8 
12. Nxa8 Nxd5 13. P@c7+ Nxc7 14. Nxc7 cxb2 15. Bxb2 Qxb4+ 16. c3 N@d3+ 17. Qxd3 
Qxb2 18. N@e6+ fxe6 19. Nxe6+ Ke7 20. P@d6+ Kxe6 21. N@g5+ Kf6 22. Nxe4+ Kf7 
23. R@a2 Qb3 24. Ng5+ Kf6 25. P@c2 Qb6 26. N1f3 Bxd6 27. P@f7 Bf4 28. Ra5 
Bxg5 29. Nxg5 B@g6 30. B@d4+ Ke7 31. Qe3+ N@e6 32. Bxb6 axb6 33. Q@b4+ B@d6 
34. Qbxb6 N@g4 35. Qe2 Nxh2 36. Rxh2 Bxh2 37. N@d5+ Kf8 38. P@e7# 
{LordPixel checkmated} 1-0

[Event "fics rated crazyhouse match"]
[Site "fics, Oklahoma City, OK USA"]
[Date "2000.03.08"]
[White "LordPixel"]
[WhiteElo "2398"]
[Black "Eyefor"]
[BlackElo "2434"]
[TimeControl "0+1"]
[Result "1-0"]

1. e4 e6 2. d4 d6 3. Nf3 Nf6 4. Bd3 Be7 5. e5 Nd5 6. O-O 
dxe5 7. dxe5 P@g4 8. Nd4 h5 9. P@g6 fxg6 10. Bxg6+ P@f7 11. Bxf7+ Kxf7 
12. P@e4 Kg8 13. exd5 exd5 14. N@e6 Bxe6 15. Nxe6 Qd7 16. Nxg7 Kxg7 17. P@f6+ 
Bxf6 18. exf6+ Kxf6 19. B@c3+ Ke7 20. Bxh8 Kd8 21. R@f8+ Ke7 22. P@g7 N@e6 
23. B@f6+ Kd6 24. g8=Q N@c6 25. Nc3 Nb4 26. Rxb8 Rxb8 27. N@b5+ Kc5 28. Qd4+ 
Nxd4 29. Bxd4+ Kc6 30. N@a5# 
{Eyefor checkmated} 1-0

[Event "fics rated crazyhouse match"]
[Site "fics, Oklahoma City, OK USA"]
[Date "2000.03.08"]
[White "Eyefor"]
[WhiteElo "2425"]
[Black "LordPixel"]
[BlackElo "2407"]
[TimeControl "0+1"]
[Result "0-1"]

1. e4 e6 2. d4 d6 3. Nf3 Nf6 4. Bd3 Nc6 5. c3 e5 6. d5 
Nb8 7. h3 Nbd7 8. Ng5 Nc5 9. Be3 Nxd3+ 10. Qxd3 h6 11. Nxf7 Kxf7 
12. P@e6+ Kg8 13. N@f7 Qe7 14. Nxd6 Qxd6 15. P@f7+ Kh7 16. Bxh6 N@c5 17. Qe2 
N@d3+ 18. Kf1 gxh6 19. P@f3 Nf4 20. Qe1 B@c4+ 21. Kg1 Ne2+ 22. Kh2 Qe7 
23. Na3 Bd3 24. Qd1 Bxe6 25. dxe6 B@f4+ 26. g3 Bg5 27. B@f5+ P@g6 28. Bxg6+ 
Kxg6 29. h4 B@a4 30. P@c2 Qxe6 31. hxg5 hxg5+ 32. Kg2 P@h3+ 33. Kh2 Kxf7 
34. B@f5 Qb6 35. Bxh3 Rxh3+ 36. Kxh3 Qxb2 37. R@f5 Nxc3 38. Rxf6+ Kxf6 39. Qc1 
Qxc1 40. Rhxc1 Bxe4 41. fxe4 N5xe4 42. Q@h8+ Kf7 43. P@g6+ Ke8 44. Qxe5+ Q@e7 
45. P@f7+ Kd8 46. N@e6+ Qxe6+ 47. Qxe6 Nxf2+ 48. Kg2 B@d5+ 49. Qxd5+ Nxd5 50. Kxf2 
Q@e3+ 51. Kg2 R@e2+ 52. Kh3 P@g4+ 53. Kxg4 N@f2+ 54. Kh5 Nf6# 
{Eyefor checkmated} 0-1

[Event "fics rated crazyhouse match"]
[Site "fics, Oklahoma City, OK USA"]
[Date "2000.03.08"]
[White "LordPixel"]
[WhiteElo "2415"]
[Black "Eyefor"]
[BlackElo "2417"]
[TimeControl "0+1"]
[Result "0-1"]

1. e4 Nf6 2. Nc3 d5 3. exd5 Nxd5 4. d4 e6 5. Nxd5 exd5 6. Nf3 
Nc6 7. Be2 P@h3 8. N@f4 hxg2 9. Nxg2 P@h3 10. Nf4 N@g2+ 11. Nxg2 hxg2 
12. Rg1 N@h4 13. N@c3 Nxf3+ 14. Bxf3 N@b4 15. N@e3 Nxd4 16. Qxd4 Qe7 17. P@e5 
P@c5 18. Qf4 d4 19. N@d5 dxe3 20. Nxe7 exf2+ 21. Kxf2 N@h3+ 22. Kxg2 Nxf4+ 
23. Bxf4 Q@h3+ 24. Kf2 Bxe7 25. N@d5 N@d3+ 26. cxd3 Nxd3+ 27. Ke2 Nxf4+ 28. Nxf4 
Qxh2+ 29. N@g2 B@c4+ 30. P@d3 P@g4 31. Bd5 P@f3+ 32. Bxf3 gxf3+ 33. Kxf3 B@d4 
34. Rh1 P@g4+ 35. Ke2 Bxd3+ 36. Kxd3 Qg3+ 37. Kc2 Bxe5 38. B@a4+ P@c6 39. N@e2 
Qf3 40. Kb1 P@h3 41. P@e6 hxg2 42. P@d7+ Bxd7 43. exd7+ Kxd7 44. Re1 N@d2+ 
45. Kc1 Bxf4 46. Q@f5+ P@e6 47. Qxf7 N@d3+ 48. Kc2 Nxe1+ 49. Rxe1 P@d3+ 50. Kd1 
dxe2+ 51. Nxe2 R@b1+ 52. N@c1 N@f2+ 53. Kc2 Qe4+ 54. P@d3 Rxc1+ 55. Kxc1 Nb3+ 
56. Kb1 N@d2+ 57. Kc2 Qxd3# 
{LordPixel checkmated} 0-1

[Event "fics rated crazyhouse match"]
[Site "fics, Oklahoma City, OK USA"]
[Date "2000.03.08"]
[White "Eyefor"]
[WhiteElo "2425"]
[Black "LordPixel"]
[BlackElo "2407"]
[TimeControl "0+1"]
[Result "0-1"]

1. e4 Nf6 2. Nc3 d5 3. exd5 Nxd5 4. d4 e6 5. Nxd5 exd5 6. Nf3 
Nc6 7. Be2 P@h3 8. N@f4 hxg2 9. Nxg2 Bb4+ 10. Bd2 N@e4 11. Bxb4 Nxb4 
12. B@a4+ P@c6 13. P@d3 Nxf2 14. Kxf2 P@e4 15. dxe4 dxe4 16. P@e7 Qxe7 17. Ne5 
P@f6 18. Nc4 P@b5 19. N@h5 bxc4 20. Nxg7+ Kd8 21. Bxc4 B@h6 22. Qh5 Bxg7 
23. Qxf7 N@g4+ 24. Ke2 Qxf7 25. Bxf7 Q@a6+ 26. Kd1 N@f2+ 27. Ke1 Qxa4 28. Bb3 
Nxc2+ 29. Bxc2 B@a5+ 30. P@d2 Qxc2 31. N@f7+ Ke8 32. b4 P@b2 33. Q@b1 Nd3+ 
34. Ke2 B@f3+ 35. Kf1 Qxb1+ 36. Rxb1 Q@f2# 
{Eyefor checkmated} 0-1

[Event "fics rated crazyhouse match"]
[Site "fics, Oklahoma City, OK USA"]
[Date "2000.03.08"]
[White "Eyefor"]
[WhiteElo "2409"]
[Black "LordPixel"]
[BlackElo "2423"]
[TimeControl "0+1"]
[Result "1-0"]

1. e4 Nf6 2. Nc3 d5 3. exd5 Nxd5 4. d4 e6 5. Nxd5 exd5 6. Nf3 
Nc6 7. Be2 P@h3 8. N@f4 hxg2 9. Nxg2 P@h3 10. Nf4 N@g2+ 11. Nxg2 hxg2 
12. Rg1 N@h4 13. N@c3 Nxf3+ 14. Bxf3 N@b4 15. N@e3 Nxd4 16. Qxd4 Qe7 17. Qd1 
d4 18. N@d5 Qc5 19. Bxg2 dxc3 20. bxc3 Nxd5 21. Nxd5 N@g4 22. N@e4 Qc4 
23. P@b3 Qc6 24. P@b5 Qd7 25. Qxg4 Qxg4 26. N@f6+ gxf6 27. Nexf6+ Kd8 28. Nxg4 
Q@e8+ 29. Nge3 N@d3+ 30. cxd3 N@c2+ 31. Kf1 Qxb5 32. Q@g5+ P@e7 33. N@e5 Nxe3+ 
34. Bxe3 Be6 35. Nxe7 P@e2+ 36. Kxe2 Qxd3+ 37. Nxd3 P@f3+ 38. Bxf3 Bxe7 39. Q@d4+ 
N@d5 40. Qxh8+ N@e8 41. Bxd5 Bxg5 42. Bxg5+ f6 43. Bxf6+ Kd7 44. R@e7+ Kd6 
45. Rxe6+ Kd7 46. N@c5+ Kc8 47. Qxe8+ Q@d8 48. Qxd8# 
{LordPixel checkmated} 1-0

[Event "fics rated crazyhouse match"]
[Site "fics, Oklahoma City, OK USA"]
[Date "2000.03.08"]
[White "LordPixel"]
[WhiteElo "2415"]
[Black "Eyefor"]
[BlackElo "2417"]
[TimeControl "0+1"]
[Result "0-1"]

1. d4 e6 2. Nc3 d6 3. e4 Nf6 4. Nf3 d5 5. Bg5 Bb4 6. Bxf6 
Bxc3+ 7. bxc3 Qxf6 8. N@h5 Qg6 9. B@b5+ Kd8 10. Nxg7 Qxg7 11. exd5 exd5 
12. P@b2 N@f4 13. P@g3 Ne6 14. Ne5 N@e4 15. Nf3 P@e3 16. fxe3 B@f2+ 17. Ke2 
Bxg3 18. P@f5 Nf8 19. hxg3 Nxg3+ 20. Ke1 Nxh1 21. B@h4+ P@f6 22. Bfd3 P@e4 
23. Bf1 R@g3 24. Bbd3 exd3 25. Bxd3 B@f2+ 26. Ke2 Rxf3 27. Qxh1 Rxe3+ 28. Kxf2 
Rxd3 29. cxd3 P@e3+ 30. Kxe3 N@g4+ 31. Kd2 Qh6+ 32. P@g5 B@f4+ 33. Kc2 fxg5 
34. P@e7+ Kxe7 35. B@d1 Ne3+ 36. Kb1 Bxf5 37. Bxg5+ Qxg5 38. P@f6+ Qxf6 39. N@c5 
b6 40. R@e5+ Bxe5 41. dxe5 Qxe5 42. B@d4 Qxd4 43. cxd4 P@c2+ 44. Bxc2 R@f1+ 
45. Qxf1 Nxf1 46. R@e8+ Kxe8 47. Q@e5+ B@e7 48. Qxf5 R@c1+ 49. Kxc1 P@d2+ 50. Kd1 
Q@e1# 
{LordPixel checkmated} 0-1

[Event "fics rated crazyhouse match"]
[Site "fics, Oklahoma City, OK USA"]
[Date "2000.03.08"]
[White "Eyefor"]
[WhiteElo "2425"]
[Black "LordPixel"]
[BlackElo "2407"]
[TimeControl "0+1"]
[Result "1-0"]

1. e4 e6 2. d4 Nf6 3. e5 Nd5 4. Nf3 d6 5. exd6 cxd6 6. Be2 
Be7 7. O-O O-O 8. c4 Nb4 9. Qd2 N8a6 10. a3 Nc6 11. P@b5 P@e4 
12. bxc6 bxc6 13. Ng5 Bxg5 14. Qxg5 Qxg5 15. Bxg5 P@c2 16. N@e7+ Kh8 17. Nd2 
Q@b6 18. Nxe4 Qxd4 19. Q@d3 Qxb2 20. B@c3 N@c5 21. Bxb2 Nxd3 22. Bxg7+ Kxg7 
23. Q@f6# 
{LordPixel checkmated} 1-0

[Event "fics rated crazyhouse match"]
[Site "fics, Oklahoma City, OK USA"]
[Date "2000.03.08"]
[White "LordPixel"]
[WhiteElo "2399"]
[Black "Eyefor"]
[BlackElo "2433"]
[TimeControl "0+1"]
[Result "1-0"]

1. e4 Nf6 2. e5 Nd5 3. d4 Nc6 4. Nf3 e6 5. Bg5 Bb4+ 6. Nbd2 
Bxd2+ 7. Qxd2 N@e4 8. Bxd8 Nxd2 9. Nxd2 Nxd4 10. Q@c5 Nxc2+ 11. Qxc2 Kxd8 
12. N@g5 B@g6 13. N@e4 P@e3 14. fxe3 P@h6 15. Nxf7+ Bxf7 16. B@h4+ Ke8 17. P@f6 
N@b4 18. Qa4 Q@g4 19. fxg7 Qxg7 20. Bf6 Qg8 21. P@g7 Nxe3 22. gxh8=Q 
{Eyefor forfeits on time} 1-0

[Event "fics rated crazyhouse match"]
[Site "fics, Oklahoma City, OK USA"]
[Date "2000.03.08"]
[White "LordPixel"]
[WhiteElo "2400"]
[Black "Eyefor"]
[BlackElo "2432"]
[TimeControl "0+1"]
[Result "0-1"]

1. e4 Nf6 2. Nc3 d5 3. exd5 Nxd5 4. Nf3 e6 5. d4 Nxc3 6. bxc3 
N@e4 7. P@b2 Nxf2 8. Kxf2 P@e4 9. Bb5+ P@c6 10. Bg5 f6 11. Ne5 fxg5 
12. Bxc6+ Nxc6 13. Qh5+ B@g6 14. P@f7+ Ke7 15. Qxg5+ B@f6 16. Qxf6+ gxf6 17. B@c5+ 
Q@d6 18. Bxd6+ cxd6 19. N@g8+ Rxg8 20. Nxc6+ bxc6 21. fxg8=Q e3+ 22. Ke2 N@f4+ 
23. Kxe3 B@f7 24. Qh8 N@c4+ 25. Kf2 Bxc2 26. R@h4 Nd3+ 27. Ke2 Ndxb2 28. N@b4 
P@d3+ 29. Kf2 P@b7 30. Nxc6+ bxc6 31. P@g7 Bxg7 32. Qxg7 P@e3+ 33. Kf1 Nd2+ 
34. Ke1 N@f3+ 35. gxf3 Nxf3+ 36. Kf1 P@e2+ 37. Kg2 Nxh4+ 38. Kh3 R@h5 39. N@f4 
e5+ 40. P@g4 exf4 41. Q@e4+ N@e5 42. N@b7 Nf5+ 43. Kg2 Nxg7 44. Nxd8 f3+ 
45. Qxf3 Nxf3 46. Nxc6+ Kd7 47. Q@e7+ Kxc6 48. gxh5 Q@f2# 
{LordPixel checkmated} 0-1

[Event "fics rated crazyhouse match"]
[Site "fics, Oklahoma City, OK USA"]
[Date "2000.03.08"]
[White "Eyefor"]
[WhiteElo "2439"]
[Black "LordPixel"]
[BlackElo "2393"]
[TimeControl "0+1"]
[Result "0-1"]

1. e4 e6 2. d4 Nf6 3. e5 Nd5 4. Nf3 Nc6 5. Be2 d6 6. exd6 
Bxd6 7. O-O Qe7 8. c4 Nf4 9. c5 Nxe2+ 10. Qxe2 Bxh2+ 11. Nxh2 Nxd4 
12. Qe5 B@f6 13. B@a4+ P@b5 14. Bxb5+ Nxb5 15. Qh5 P@g6 16. Qe2 Nd4 17. Qc4 
B@b5 18. Qb4 Bxf1 19. P@d7+ Qxd7 20. Nxf1 Ne2+ 21. Kh2 R@h4+ 22. Qxh4 Bxh4 
23. N@h3 Bxf2 24. R@d2 Q@g1+ 25. Nxg1 Bxg1+ 26. Kh3 N@f2+ 27. Kh4 P@g5+ 28. Kxg5 
Qe7+ 29. P@f6 Qxf6# 
{Eyefor checkmated} 0-1

[Event "fics rated crazyhouse match"]
[Site "fics, Oklahoma City, OK USA"]
[Date "2000.03.08"]
[White "LordPixel"]
[WhiteElo "2402"]
[Black "Eyefor"]
[BlackElo "2430"]
[TimeControl "0+1"]
[Result "0-1"]

1. e4 e6 2. d4 d5 3. exd5 exd5 4. Bb5+ Nc6 5. Qe2+ Qe7 6. Bf4 
Qxe2+ 7. Nxe2 Bb4+ 8. Nbc3 Ba5 9. P@a6 Bxc3+ 10. Nxc3 N@b4 11. Bxc6+ bxc6 
12. Q@a4 Q@e7+ 13. N@e5 P@f3 14. gxf3 Nxc2+ 15. Qxc2 P@g2 16. Rg1 B@f1 17. Qa4 
Qxe5+ 18. Bxe5 N@d3+ 19. Kd2 Bd7 20. Bxg7 Ne7 21. P@b7 Rb8 22. N@f6+ Kd8 
23. Bxh8 Be8 24. Raxf1 gxf1=Q 25. Rxf1 Nxb2 26. Qc2 P@g2 27. Re1 R@d3+ 28. Kc1 
Rxc3 29. Qxc3 N@d3+ 30. Kb1 Nxe1 31. Qxe1 R@d1+ 32. Qxd1 Nxd1 33. R@d7+ Bxd7 
34. N@g5 Q@b2# 
{LordPixel checkmated} 0-1